 Dungeon Crawl Stone Soup version 0.20.0-15-g7f486f2 (webtiles) character file.

12730 sscrono2 the Covert (level 11, -2/77 HPs)
             Began as an Octopode Assassin on June 24, 2017.
             Slain by a hornet (7 damage)
             ... while paralysed by a hornet
             ... on level 11 of the Dungeon.
             The game lasted 00:27:26 (14185 turns).

sscrono2 the Covert (Octopode Assassin)            Turns: 14185, Time: 00:27:27

Health: -2/77      AC:  1    Str: 10    XL:     11   Next: 97%
Magic:  11/11      EV:  2    Int: 16    God:
Gold:   809        SH:  0    Dex: 17    Spells: 10/10 levels left

rFire    . . .     SeeInvis .   Q - staff of cold (curse)
rCold    + + .     Gourm    .   l - +0 buckler
rNeg     . . .     Faith    +   (helmet restricted)
rPois    .         Spirit   .   p - amulet of faith
rElec    .         Reflect  .   E - ring of protection from cold
rCorr    .         Harm     .   d - ring of protection from magic
MR       ++...                  (no ring)
Stlth    ++++++....             (no ring)
Regen    0.3/turn               (no ring)
MPRegen  0.2/turn               (no ring)
                                (no ring)
                                (no ring)

@: paralysed, lethally poisoned (-2 -> -6), slowed
A: almost no armour, stealthy swim, amphibious, 8 rings, constrict 8, camouflage
1, clever 1, magic resistance 1, screaming 1, wild magic 1, gelatinous body 1
a: no special abilities


You were on level 11 of the Dungeon.
You were not hungry.

You visited 2 branches of the dungeon, and saw 12 of its levels.

You collected 809 gold pieces.

Inventory:

Hand Weapons
 a - a +2 dagger of electrocution
 b - a +6 blowgun
 r - a +3 dagger of holy wrath
 z - a +2 dagger of draining
Missiles
 c - 71 poisoned needles
 M - 8 curare-tipped needles
Armour
 l - a +0 buckler (worn)
Magical Staves
 Q - a cursed staff of cold (weapon)
Jewellery
 d - a ring of protection from magic (right tentacle)
 p - an amulet of faith (around mantle)
 B - an uncursed ring of ice
 E - a ring of protection from cold (left tentacle)
Wands
 i - a wand of polymorph (0/24)
 o - a wand of random effects (0/48)
 s - a wand of polymorph (7/24)
 C - a wand of polymorph (12/24)
 F - a wand of polymorph (19/24)
 L - a wand of iceblast (0/15)
 P - a wand of iceblast (0/15)
Scrolls
 j - 3 scrolls of teleportation
 t - 3 scrolls of enchant armour {unknown}
 w - a scroll of amnesia {unknown}
 x - a scroll of magic mapping {unknown}
 y - a scroll of fog {unknown}
 H - 2 scrolls of fear {unknown}
 J - a scroll of vulnerability {unknown}
 K - 4 scrolls of recharging
Potions
 e - a potion of resistance
 D - 5 potions of flight
 N - a potion of brilliance
Books
 q - a book of Changes

   Spells                             Type                      Level
   a - Beastly Appendage              Transmutation                1
   b - Sticks to Snakes               Transmutation                2
   c - Spider Form                    Transmutation/Poison         3
   d - Ice Form                       Ice/Transmutation            4
   e - Blade Hands                    Transmutation                5
Comestibles
 f - 15 bread rations
 h - 6 royal jellies
 m - 5 fruits
 u - 4 meat rations


   Skills:
 + Level 8.2 Fighting
 - Level 10.0 Short Blades
 - Level 2.0 Throwing
 + Level 7.7 Dodging
 + Level 12.2 Stealth
 + Level 8.9 Shields


You had 10 spell levels left.
You didn't know any spells.

Dungeon Overview and Level Annotations

Branches:
Dungeon (11/15)            Temple (1/1) D:5            Lair (0/6) D:11
    Orc (0/2) D:11

Altars:
Ashenzari
Cheibriados
Dithmenos
Elyvilon
Fedhas
Gozag
Hepliaklqana
Kikubaaqudgha
Makhleb
Nemelex Xobeh
Okawaru
Qazlal
Ru
Sif Muna
Trog
Uskayaw
Vehumet
Xom
Yredelemnul
Zin
The Shining One

Shops:
D:11 %


Innate Abilities, Weirdness & Mutations

You cannot wear most types of armour.
You are very stealthy in the water. (Stealth+)
You are amphibious.
You can wear up to eight rings at the same time.
You can use your tentacles to constrict eight enemies at once.
Your skin changes colour to match your surroundings (Stealth+).
Your rubbery body absorbs attacks. (AC +1, EV +1)
Your mind is acute. (Int +2)
You are resistant to hostile enchantments. (MR+)
You occasionally shout uncontrollably at your foes.
Your spells are a little harder to cast, but a little more powerful.


Message History

The wraith misses you.
The phantom blinks!
A hornet comes into view.
The hornet buzzes angrily.
The hornet stings you!!
You feel yourself slow down.
A quokka comes into view.
You hit the hornet. You grab the hornet.
The hornet is lightly wounded.
You constrict the hornet. You block the hornet's attack.
The hornet stings you!!
You suddenly lose the ability to move!
You lose your grip on the hornet.
The hornet stings you!
* * * LOW HITPOINT WARNING * * *
You are poisoned.
You feel as though you will be slow longer.
You feel sick. The wraith hits you!
* * * LOW HITPOINT WARNING * * *
The wraith drains your vigour!
You feel as though you will be slow longer.
The hornet stings you!
You die...

#..# #..# #..#
#..#
#..##########..###
#.................
#.................
#...........)....<
#.############..##
#W# #..# #@# #..#
#.y..r... ...#
#........ .....
#........ .......
#.####### ########
#.# #.# #.#


You could see a hornet, a wraith and a quokka.

Vanquished Creatures
  A centaur warrior (D:10)
  4 two-headed ogres
  The ghost of sscrono2 the Covert, a novice OpAs (D:8)
  Sonja (D:10)
  Pikel (D:6)
  Maurice (D:8)
  Joseph (D:8)
  A troll (D:9)
  2 hippogriffs (D:9)
  Sigmund (D:6)
  A yak (D:10)
  A spriggan (D:8)
  2 wyverns (D:10)
  A hungry ghost (D:7)
  An acid dragon (D:8)
  2 water moccasins (D:10)
  Duvessa (D:4)
  2 slaves (D:6)
  5 eyes of draining
  2 sky beasts
  6 orc warriors
  3 ice beasts
  A hornet zombie (D:10)
  2 phantoms
  6 ogres
  5 centaurs
  A crocodile (D:11)
  A big kobold (D:7)
  6 bullfrogs
  Dowan (D:4)
  2 scorpions
  6 howler monkeys
  7 crimson imps
  3 bullfrog zombies
  A quasit (D:11)
  2 hounds
  2 jellies
  2 bullfrog skeletons
  5 orc priests
  A gnoll shaman (D:7)
  6 iguanas
  7 orc wizards
  3 centaur skeletons
  8 worker ants
  A howler monkey skeleton (D:7)
  4 gnolls (D:7)
  15 adders
  5 shadow imps
  An ooze (D:3)
  A worm (D:3)
  4 dart slugs
  7 leopard geckos
  25 orcs
  3 ball pythons
  6 bats
  7 giant cockroaches
  7 goblins
  5 hobgoblins
  5 jackals
  7 kobolds
  5 quokkas
  4 frilled lizards
  A jackal skeleton (D:4)
  A leopard gecko skeleton (D:4)
  A leopard gecko zombie (D:5)
  5 rats
239 creatures vanquished.

Notes
Turn   | Place    | Note
-------+----------+-------------------------------------------
     0 | D:1      | sscrono2 the Octopode Assassin began the quest for the Orb.
     0 | D:1      | Reached XP level 1. HP: 14/14 MP: 1/1
   161 | D:1      | Reached XP level 2. HP: 19/19 MP: 2/2
   597 | D:1      | Reached XP level 3. HP: 24/24 MP: 3/3
   785 | D:2      | Found an ancient bone altar of Kikubaaqudgha.
   786 | D:2      | Found a hazy altar of Hepliaklqana.
  1065 | D:2      | Reached skill level 1 in Shields
  1428 | D:2      | Reached XP level 4. HP: 29/29 MP: 4/4
  1698 | D:3      | Found a radiant altar of Vehumet.
  1904 | D:3      | Found a sacrificial altar of Ru.
  2081 | D:4      | Noticed Duvessa
  2081 | D:4      | Noticed Dowan
  2087 | D:4      | Killed Duvessa
  2087 | D:4      | Reached XP level 5. HP: 34/34 MP: 5/5
  2101 | D:4      | Killed Dowan
  2101 | D:4      | Reached skill level 5 in Short Blades
  2101 | D:4      | Reached XP level 6. HP: 26/39 MP: 6/6
  2367 | D:4      | Reached XP level 7. HP: 45/45 MP: 7/7
  3026 | D:5      | Entered Level 5 of the Dungeon
  3497 | D:5      | Found a staircase to the Ecumenical Temple.
  3504 | Temple   | Entered the Ecumenical Temple
  3848 | D:6      | Reached XP level 8. HP: 44/50 MP: 8/8
  3874 | D:6      | Found a white marble altar of Elyvilon.
  3893 | D:6      | Noticed Pikel
  3902 | D:6      | Killed Pikel
  3934 | D:6      | Noticed Sigmund
  3936 | D:6      | Killed Sigmund
  3997 | D:6      | Reached skill level 10 in Short Blades
  4362 | D:6      | Reached XP level 9. HP: 55/55 MP: 9/9
  4819 | D:7      | Reached skill level 6 in Stealth
  4978 | D:7      | Found a bloodstained altar of Trog.
  5328 | D:7      | Reached skill level 5 in Shields
  5520 | D:7      | Reached skill level 7 in Stealth
  5609 | D:7      | Noticed a two-headed ogre
  5612 | D:7      | Killed a two-headed ogre
  6186 | D:8      | Reached skill level 8 in Stealth
  6283 | D:8      | Reached XP level 10. HP: 65/65 MP: 10/10
  6552 | D:8      | Found a bloodstained altar of Trog.
  6569 | D:8      | Reached skill level 5 in Fighting
  6794 | D:8      | Noticed sscrono2's ghost (novice OpAs)
  6814 | D:8      | Killed sscrono2's ghost
  6814 | D:8      | Reached skill level 5 in Dodging
  6814 | D:8      | Reached skill level 9 in Stealth
  7154 | D:8      | Found a shattered altar of Ashenzari.
  7216 | D:8      | Noticed Maurice
  7228 | D:8      | Killed Maurice
  7269 | D:8      | Noticed Joseph
  7287 | D:8      | Killed Joseph
  7583 | D:8      | Noticed a two-headed ogre
  7591 | D:8      | Killed a two-headed ogre
  7591 | D:8      | Reached skill level 10 in Stealth
  7640 | D:8      | Noticed a two-headed ogre
  7659 | D:8      | Killed a two-headed ogre
  7659 | D:8      | Reached XP level 11. HP: 36/74 MP: 11/11
  8522 | D:9      | Gained mutation: You are frail. (-10% HP) [mutagenic meat]
  8523 | D:9      | Gained mutation: Your mind is acute. (Int +2) [mutagenic meat]
  8524 | D:9      | Gained mutation: You occasionally shout uncontrollably at your foes. [mutagenic meat]
  8525 | D:9      | Gained mutation: Your spells are a little harder to cast, but a little more powerful. [mutagenic meat]
  8526 | D:9      | Lost mutation: You are frail. (-10% HP) [mutagenic meat]
  9183 | D:10     | Entered Level 10 of the Dungeon
  9193 | D:10     | Noticed Sonja
  9206 | D:10     | Killed Sonja
  9206 | D:10     | Reached skill level 11 in Stealth
  9399 | D:10     | Gained mutation: You are resistant to hostile enchantments. (MR+) [mutagenic meat]
  9400 | D:10     | Gained mutation: You evolve. [mutagenic meat]
  9910 | D:10     | Lost mutation: You evolve. [evolution]
 10817 | D:10     | Noticed a centaur warrior
 11012 | D:10     | Killed a centaur warrior
 11259 | D:10     | Noticed a two-headed ogre
 12113 | D:10     | Killed a two-headed ogre
 12122 | D:10     | Reached skill level 12 in Stealth
 12224 | D:11     | Found a staircase to the Orcish Mines.
 12857 | D:11     | Found Reopaonae's Food Emporium.
 12907 | D:11     | Found a staircase to the Lair.
 12998 | D:11     | HP: 2/77 [orc warrior/trident (21)]
 13454 | D:11     | Noticed a two-headed ogre
 13455 | D:11     | Noticed a two-headed ogre
 14184 | D:11     | Paralysed by a hornet for 2 turns
 14185 | D:11     | Slain by a hornet

Skill      XL: |  1  2  3  4  5  6  7  8  9 10 11 |
---------------+----------------------------------+-----
Short Blades   | 3 4 5 7 10 | 10.0
Shields        | 1 3 4 5 7 8 |  8.9
Dodging        | 4 6 7 |  7.7
Stealth        | 8 10 12 | 12.2
Fighting       | 4 6 8 |  8.2
Throwing       | |  2.0

Action                   |  1- 3 |  4- 6 |  7- 9 | 10-12 || total
-------------------------+-------+-------+-------+-------++-------
Melee: Dagger            |    67 |    42 |   179 |   238 ||   526
       Constrict         |    14 |     5 |    32 |    53 ||   104
       Tentacles         |     4 |     5 |    26 |   124 ||   159
       Staff             |       |       |       |   312 ||   312
 Fire: Blowgun           |       |       |     2 |       ||     2
Throw: Throwing net      |       |       |       |     5 ||     5
Evoke: Wand              |       |       |       |    32 ||    32
  Use: Scroll            |       |       |     6 |     6 ||    12
       Potion            |       |       |     1 |    18 ||    19
 Stab: Sleeping          |    18 |    10 |    23 |    22 ||    73
       Held in net/web   |       |       |       |     3 ||     3
       Paralysed         |       |       |       |    10 ||    10
  Eat: Chunk             |     2 |     2 |    12 |    21 ||    37
       Bread ration      |       |       |       |     3 ||     3
       Fruit             |       |       |       |     1 ||     1
Armor: Skin              |     4 |     1 |     5 |    46 ||    56
Dodge: Dodged            |    34 |    11 |    57 |   245 ||   347
Block: Buckler           |     3 |     4 |    20 |   128 ||   155
